 Dungeon Crawl Stone Soup version 0.32-a0-872-g59262bdc9b (webtiles) character file.

Game seed: 14094213824505809775

90 Shayle the Apothecary (level 4, 0/45 HPs)
             Began as a Coglin Alchemist on Mar 30, 2024.
             Slain by Robin
             ... wielding a +0 trident
              (3 damage)
             ... on level 3 of the Dungeon.
             The game lasted 00:05:20 (2284 turns).

Shayle the Apothecary (Coglin Alchemist)            Turns: 2284, Time: 00:05:20

Health: 0/45       AC: 22    Str:  9    XL:     4   Next: 56%
Magic:  7/8        EV:  2    Int: 16    God:
Gold:   73         SH:  0    Dex: 14    Spells: 7/8 levels left

rFire   + . .        c - +0 dagger {Cuahtemoc}
rCold   + . .        d - +0 dagger {Io}
rNeg    . . .        a - melded +0 robe
rPois   +            h - melded +0 helmet
rElec   +            (cloak currently unavailable)
rCorr   +            (gloves currently unavailable)
SInv    .            (boots currently unavailable)
Will    +....        (no amulet)
Stlth   ++           (no ring)
HPRegen 0.27/turn    (no ring)
MPRegen 0.11/turn    (no gizmo)

%: no passive effects
@: tree-form, resistant, hasted, invisible, revved, very quick
A: stationary, stasis, torment immunity, boosted hp, off-hand wielding, slow
wielding, warmup strikes, (no jewellery), strong-willed 1
a: Invent Gizmo


You were on level 3 of the Dungeon.
You were a tree.
You visited 1 branch of the dungeon, and saw 3 of its levels.

You collected 73 gold pieces.

Inventory:

Hand Weapons
 c - a +0 dagger (weapon) {Cuahtemoc}
 d - a +0 dagger (offhand) {Io}
Armour
 a - a +0 robe (melded)
 h - a +0 helmet (melded)
Scrolls
 e - 3 scrolls of identify {unknown}
 g - a scroll of vulnerability {unknown}
 j - a scroll of teleportation {unknown}
 k - a scroll of torment {unknown}
 o - a scroll of amnesia {unknown}
 p - a scroll of poison {unknown}
 q - a scroll of immolation {unknown}
Potions
 b - a potion of magic
 i - 2 potions of resistance
 n - a potion of lignification


   Skills:
 - Level 1.7 Dodging
 - Level 1.5 Stealth
 + Level 2.6 Spellcasting
 + Level 2.2 Conjurations
 + Level 4.2 Alchemy


You had 7 spell levels left.
You knew the following spells:

 Your Spells              Type           Power      Damage    Failure   Level
a - Sting                 Conj/Alch      48%        1d6       5%          1

Your spell library contained the following spells:

 Spells                   Type           Power      Damage    Failure   Level
 Kiss of Death            Conj/Necr      20%        2d7       12%         1
 Mercury Vapours          Alch/Air       16%        N/A       12%         2
 Mephitic Cloud           Conj/Alch/Air  9%         N/A       24%         3
 Lesser Beckoning         Tloc           4%         N/A       28%         2
 Olgreb's Toxic Radiance  Alch           15%        N/A       34%         4
 Stone Arrow              Conj/Erth      10%        3d7       36%         3
 Confusing Touch          Hex            2%         N/A       50%         3
 Teleport Other           Tloc           2%         N/A       50%         3
 Sticky Flame             Fire/Alch      8%         2d4       63%         4
 Animate Armour           Summ/Erth      4%         N/A       88%         4
 Dispel Undead            Necr           2%         3d7       88%         4
 Maxwell's Portable Pile  Tloc           2%         2d(5-10)  88%         4
 Lehudib's Crystal Spear  Conj/Erth      2%         10d2      100%        8


Dungeon Overview and Level Annotations

Branches:
Dungeon (3/15)

Altars:

Annotations:
D:3 Robin


Innate Abilities, Weirdness & Mutations

You are a tree.
Your roots penetrate the ground, keeping you stationary.
You cannot be teleported.
You are immune to unholy pain and torment.
Your maximum health is greatly increased.
Your equipment is partially melded.
You can wield a second weapon in your off-hand.
It takes a long time for you to wield or remove held weapons.
Your first few attacks do less damage.
((You cannot equip rings or amulets.))
You are strong-willed. (Will+)


Message History

The hobgoblin is heavily wounded.
You closely miss the hobgoblin with your +0 dagger.
The hobgoblin no longer looks unusually strong.
Robin throws the goblin out of sight!
The hobgoblin hits you but does no damage.
The goblin hits you but does no damage.
You catch the helpless goblin completely off-guard!
You puncture the goblin with your +0 dagger!
You kill the goblin!
The hobgoblin hits you but does no damage. x2
Robin hits you but does no damage.
Unknown command.
You closely miss the hobgoblin with your +0 dagger.
The hobgoblin is moderately wounded.
You hit the hobgoblin with your +0 dagger.
Unknown command.
You hit the hobgoblin with your +0 dagger.
The hobgoblin is severely wounded.
You hit the hobgoblin but do no damage. Robin hits you but does no damage.
The hobgoblin hits you but does no damage.
The ball python barely misses you.
You barely miss the ball python with your +0 dagger.
You hit the ball python with your +0 dagger.
The ball python bites you but does no damage.
Robin roars a battlecry!
The hobgoblin goes into a battle-frenzy!
The hobgoblin hits you but does no damage.
You hit the ball python with your +0 dagger.
You kill the ball python!
You hit the hobgoblin with your +0 dagger.
The hobgoblin is almost dead.
You closely miss the hobgoblin with your +0 dagger.
Robin hits you but does no damage.
The hobgoblin hits you but does no damage.
You catch the helpless hobgoblin completely off-guard!
You hit the hobgoblin with your +0 dagger.
You kill the hobgoblin!
Robin hits you from afar with a +0 trident.
You die...
Robin lets out a smug laugh.

########
.......######### ####
...............# ...#
...............##)..#.##
...............)♣)g.....
###'#'####.....##...#.##
....#.# #..)..# g..#
.####.####†....# .....
.........'.....+ >......
..###.####.....# .......
..# #.# #####.# .#.....
..# #.# #.# .#..... ###
#.# .#


You could see Robin (unable to see you) and a hobgoblin (strong, unable to see
you).

Vanquished Creatures
  Jessica (D:2)
  An adder (D:3)
  A dart slug (D:1)
  5 ball pythons
  3 endoplasms
  4 giant cockroaches
  11 goblins
  5 hobgoblins
  2 jackals (D:2)
  2 kobolds (D:1)
  A quokka (D:2)
  4 bats
  A frilled lizard (D:2)
  7 rats
48 creatures vanquished.

Notes
Turn   | Place    | Note
-------+----------+-------------------------------------------
     0 | D:1      | Shayle the Coglin Alchemist began the quest for the Orb.
     0 | D:1      | Reached XP level 1. HP: 13/13 MP: 3/3
    57 | D:1      | Reached skill level 1 in Conjurations
   265 | D:1      | Reached XP level 2. HP: 19/19 MP: 1/4
   872 | D:1      | Reached XP level 3. HP: 22/24 MP: 6/6
  1313 | D:2      | Noticed Jessica
  1320 | D:2      | HP: 1/24 [Jessica/nerve-wracking pain (8)]
  1321 | D:2      | Killed Jessica
  1322 | D:2      | Reached skill level 4 in Alchemy
  1508 | D:2      | Found a faded altar of an unknown god.
  1626 | D:2      | Reached XP level 4. HP: 30/30 MP: 5/7
  2248 | D:3      | Noticed Robin
  2259 | D:3      | Gained mutation: You are strong-willed. (Will+) [potion of
                  | mutation]
  2266 | D:3      | HP: 2/45 [goblin/+0 club[Robin] (2)]
  2284 | D:3      | Slain by Robin

Illustrated notes

Levels and vault maps discovered:
D:1:      minmay_arrival_stone_box, layout_loops_ring, minmay_fountain_box
D:2:      layout_loops_ring, dilly_ecumenical_altar_fadedgnrine, uniq_jessica
D:3:      layout_basic, jmf_multi_god_temple, lemuel_crystal_altar,
          grunt_decor_arrowhead, hex_large, hex_tiny, uniq_robin,
          uniq_crazy_yiuf_cottage

Skill      XL: |  1  2  3 |
---------------+----------+-----
Conjurations   | 1 2 |  2.2
Spellcasting   | 2 |  2.6
Alchemy        | 4 |  4.2
Dodging        | |  1.7
Stealth        | |  1.5

Action                     |  1- 3 |  4- 6 || total
---------------------------+-------+-------++-------
  Melee: Unarmed           |     3 |       ||     3
         Dagger            |    15 |   107 ||   122
   Cast: Sting             |    47 |     9 ||    56
    Use: Potion            |       |     5 ||     5
   Stab: Invisible         |       |     6 ||     6
         Sleeping          |       |     2 ||     2
 Armour: Robe              |    18 |    30 ||    48
         Skin              |       |    45 ||    45
  Dodge: Dodged            |    20 |    43 ||    63

Table legend: (Time is in decaauts)
 A = Elapsed time spent in this place.
 B = Non-inter-level travel time spent in this place.
 C = Inter-level travel time spent in this place.
 D = Time resting spent in this place.
 E = Time spent auto-exploring this place.
 F = Levels seen in this place.
 G = Mean time per level.
                   A        B        C        D        E       F      G
               +--------+--------+--------+--------+--------+-----+--------+
         Total |   2275 |   2223 |     52 |    200 |   1571 |   3 |  758.3 |
       Dungeon |   2275 |   2223 |     52 |    200 |   1571 |   3 |  758.3 |
               +--------+--------+--------+--------+--------+-----+--------+

Top non-repeatable levels by time:
     D:1: 1113 daAuts
     D:2: 964 daAuts
     D:3: 198 daAuts
